 Dungeon Crawl Stone Soup version 0.25-a0-641-g189b929 (webtiles) character file.

Game seed: 10693586522543478225, levelgen mode: deterministic

67868 Faels the Nimble (level 15, 119/119 HPs)
             Began as a Gnoll Wanderer on Mar 20, 2020.
             Was a High Priest of Okawaru.
             Quit the game on level 8 of the Dungeon.
             The game lasted 01:23:37 (28733 turns).

Faels the Nimble (Gnoll Wanderer)                  Turns: 28733, Time: 01:23:38

Health: 119/119    AC: 15    Str: 14      XL:     15   Next: 24%
Magic:  28/28      EV: 21    Int: 12 (15) God:    Okawaru [*****.]
Gold:   324        SH: 14    Dex: 21      Spells: 12/33 levels left

rFire    . . .     SeeInvis +   A - +9 war axe (venom)
rCold    . . .     Gourm    .   C - +2 buckler of the Doldrums {MR+ rCorr Str-3 Dex+3}
rNeg     + . .     Faith    .   M - +0 acid dragon scales
rPois    .         Spirit   .   h - +1 helmet {SInv}
rElec    .         Reflect  +   U - scarf {cloud immunity}
rCorr    +         Harm     .   R - +0 pair of gloves
MR       +++..                  (no boots)
Stlth    ++++......             S - +5 amulet of reflection
HPRegen  0.29/turn              w - ring of positive energy
MPRegen  0.21/turn              V - ring of protection from magic

@: no status effects
A: distributed training, fangs 1, icy blue scales 1, blurry vision 1, shaggy fur
1, strong nose
a: Heroism, Finesse, Renounce Religion


You were on level 8 of the Dungeon.
You worshipped Okawaru.
Okawaru was extremely pleased with you.
You were hungry.

You visited 4 branches of the dungeon, and saw 20 of its levels.
You also visited: Ice Cave.

You collected 2512 gold pieces.
You spent 2188 gold pieces at shops.

Inventory:

Hand Weapons
 A - a +9 war axe of venom (weapon)
 B - a +2 antimagic dagger
 L - a +0 war axe of flaming
 O - a +2 scimitar of holy wrath
 T - a +2 demon trident of draining
Missiles
 a - 7 javelins
 j - 72 poisoned darts (quivered)
 H - 10 silver javelins
Armour
 g - the +1 scale mail "Zyhous Joip" {*Contam rElec rC+++ Int-5}
   (You bought it in a shop on level 2 of the Orcish Mines)

   It affects your intelligence (-5).
   It renders you almost immune to cold.
   It insulates you from electricity.
   It causes magical contamination when unequipped.
 h - a +1 helmet of see invisible (worn)
 k - a +5 kite shield
 y - the +5 tower shield of Benevolence {Str+4}
   (You found it in an ice cave)

   It affects your strength (+4).
 C - the +2 buckler of the Doldrums (worn) {MR+ rCorr Str-3 Dex+3}
   (Okawaru gifted it to you on level 3 of the Lair of Beasts)

   It affects your strength (-3).
   It affects your dexterity (+3).
   It affects your resistance to hostile enchantments.
   It provides partial protection from all sources of acid and corrosion.
 M - +0 acid dragon scales (worn)
 P - a scarf of resistance
 R - a +0 pair of gloves (worn)
 U - a scarf of cloud immunity (worn)
Jewellery
 w - a ring of positive energy (left hand)
 S - a +5 amulet of reflection (around neck)
 V - a ring of protection from magic (right hand)
Wands
 c - a wand of paralysis (12)
 v - a wand of polymorph (20)
 D - a wand of acid (17)
 G - a wand of iceblast (9)
 W - a wand of clouds (5)
Scrolls
 e - a scroll of holy word {unknown}
 i - 3 scrolls of immolation
 m - a scroll of amnesia
 o - 13 scrolls of teleportation
 q - 2 scrolls of magic mapping
 r - 4 scrolls of blinking
 s - 12 scrolls of remove curse
 x - a scroll of acquirement {unknown}
 F - 2 scrolls of fear
 N - 4 scrolls of fog
 Q - a scroll of vulnerability {unknown}
 Z - a scroll of enchant weapon
Potions
 b - a potion of heal wounds
 d - a potion of ambrosia
 l - 2 potions of cancellation
 n - 3 potions of haste
 u - 5 potions of lignification
 z - 10 potions of curing
 E - 6 potions of flight
 I - 4 potions of stabbing
 J - a potion of degeneration
 K - a potion of berserk rage
Miscellaneous
 p - a lightning rod (4/4)
 t - a tin of tremorstones
Comestibles
 f - 22 rations


   Skills:
 + Level 11.5 Fighting
 + Level 9.7 Short Blades
 + Level 9.7 Long Blades
 + Level 9.7 Axes
 + Level 9.7 Maces & Flails
 + Level 9.7 Polearms
 + Level 9.7 Staves
 + Level 9.7 Slings
 + Level 9.7 Bows
 + Level 9.7 Crossbows
 + Level 9.7 Throwing
 + Level 10.7 Armour
 + Level 11.5 Dodging
 + Level 10.0 Stealth
 + Level 9.7 Shields
 + Level 9.7 Unarmed Combat
 + Level 9.7 Spellcasting
 + Level 8.2 Conjurations
 + Level 8.2 Hexes
 + Level 8.2 Charms
 + Level 8.2 Summonings
 + Level 8.2 Necromancy
 + Level 8.2 Translocations
 + Level 8.2 Transmutations
 + Level 8.2 Fire Magic
 + Level 8.2 Ice Magic
 + Level 8.2 Air Magic
 + Level 8.2 Earth Magic
 + Level 8.2 Poison Magic
 + Level 10.5 Invocations
 + Level 10.1 Evocations


You had 12 spell levels left.
You knew the following spells:

 Your Spells              Type           Power        Failure   Level  Hunger
a - Call Imp              Summ           ####....     1%          2    None
b - Poisonous Vapours     Pois/Air       ####..       1%          2    None
c - Mephitic Cloud        Conj/Pois/Air  ####....     1%          3    ##.....
d - Summon Lightning Spi  Summ/Air       ####....     5%          4    ####...
e - Call Canine Familiar  Summ           ####....     1%          3    ##.....
f - Conjure Flame         Conj/Fire      ####....     1%          3    ##.....
g - Animate Dead          Necr           N/A          5%          4    ####...

Your spell library contained the following spells:

 Spells                   Type           Power        Failure   Level  Hunger
 Animate Skeleton         Necr           N/A          1%          1    None
 Pain                     Necr           ####         1%          1    None
 Sting                    Tmut/Pois      ####         1%          1    None
 Summon Small Mammal      Summ           ####         1%          1    None
 Spider Form              Tmut/Pois      ####......   1%          3    ##.....
 Summon Guardian Golem    Hex/Summ       ####....     1%          3    ##.....
 Vampiric Draining        Necr           ####......   1%          3    ##.....
 Summon Ice Beast         Ice/Summ       ####....     5%          4    ####...
 Agony                    Necr           ####....     16%         5    #####..
 Blade Hands              Tmut           ####......   16%         5    #####..
 Irradiate                Conj/Tmut      ####......   16%         5    #####..
 Silence                  Hex/Air        ####......   16%         5    #####..
 Conjure Ball Lightning   Conj/Air       ####......   65%         6    #######
 Deflect Missiles         Chrm/Air       ####......   65%         6    #######
 Freezing Cloud           Conj/Ice/Air   ####......   65%         6    #######
 Ring of Flames           Chrm/Fire      ####......   99%         7    #######
 Tornado                  Air            ####......   100%        9    #######


Dungeon Overview and Level Annotations

Branches:
Dungeon (11/15)            Temple (1/1) D:6            Lair (6/6) D:11
  Swamp (0/4) Lair:3        Snake (0/4) Lair:4        Slime (0/5) Lair:6
    Orc (2/2) D:10            Elf (0/3) Orc:2         IceCv (visited)

Altars:
Ashenzari
Cheibriados
Dithmenos
Elyvilon
Fedhas
Gozag
Hepliaklqana
Kikubaaqudgha
Makhleb
Nemelex Xobeh
Okawaru
Qazlal
Ru
Sif Muna
Trog
Uskayaw
Vehumet
Wu Jian
Xom
Yredelemnul
Zin
The Shining One

Shops:
D:4 :   D:8 !   Orc:1 ?   Orc:2 }%[*

Portals:
Pandemonium: Orc:2


Innate Abilities, Weirdness & Mutations

Your experience applies equally to all skills.
You have very sharp teeth.
Your uncanny sense of smell can sniff out nearby items.
You are partially covered in icy blue scales. (AC +2)
Scrolls take you a little longer to read.
You are covered in fur. (AC +1)


Message History

There is a staircase back to the Dungeon here.
You climb upwards.
Welcome back to the Dungeon!
There is a staircase to the Orcish Mines here.
There is an open door, spattered with blood here.
There is an open door here.
There is a stone staircase leading up here.
You climb upwards.
There is a stone staircase leading down here.
There is a stone staircase leading up here.
You climb upwards.
There is a stone staircase leading down here.
You see here 17 stones.
There is an open door here.
You see here a potion of mutation.
X - a potion of mutation Really quaff the potion of mutation?
You feel extremely strange.
You feel healthier.
You feel weaker.
Your vision blurs.
Icy blue scales grow over part of your body.
Are you sure you want to abandon this character and quit the game? (Confirm with "yes".)

#.# #........# #. #.#
#........# #. #.#
#........# #. #.#
#........# #.
#.#####........######
######.
#.....+........'....#
#......
#######........####.#
#.##### #........#
#.# #.# #......@.#
#.# #.# #........#
#.####.# ##########
#......# ########


There were no monsters in sight!

Vanquished Creatures
  An orc warlord (Orc:1)
  2 ice dragons
  5 hydras
  A catoblepas (Lair:6)
  A two-headed ogre (D:9)
  3 death yaks (Lair:6)
  9 orc high priests (Orc:2)
  A sun demon (Orc:2)
  A gelid demonspawn (Orc:2)
  2 torturous demonspawn (Orc:2)
  2 lindwurms (Lair:6)
  A necromancer (IceCv)
  6 orc knights (Orc:2)
  2 manticores (Lair:6)
  3 orc sorcerers (Orc:2)
  An ugly thing (D:11)
  15 elephants
  A rust devil (Orc:2)
  3 black mambas
  4 ice statues (IceCv)
  A smoke demon (Orc:2)
  2 centaur zombies (D:10)
  A gargoyle (D:11)
  6 spiny frogs
  Maggie (D:8)
  5 torpor snails (Lair:6)
  3 rime drakes
  3 ice devils (IceCv)
  A red devil (Orc:2)
  13 komodo dragons
  2 trolls (Orc:2)
  4 tyrant leeches (Lair:6)
  6 hornets (Lair:6)
  9 hippogriffs
  13 dream sheep
  20 blink frogs
  A shadow (D:10)
  A spriggan (D:7)
  A vampire (D:11)
  A wyvern (Lair:3)
  6 basilisks
  11 yaks
  A wraith (D:10)
  A chaos spawn (Orc:2)
  A steam dragon (Lair:5)
  2 neqoxecs (Orc:2)
  3 hungry ghosts
  5 insubstantial wisps (Lair:3)
  4 nagas (Lair:4)
  A two-headed ogre zombie (D:10)
  4 wargs
  9 water moccasins
  Duvessa (D:5)
  7 porcupines
  3 swamp drakes (Lair:5)
  An eye of draining (D:11)
  A necrophage (D:11)
  2 sky beasts (D:11)
  3 phantoms
  32 orc warriors
  9 ogres
  5 centaurs
  5 wolves
  9 crocodiles
  12 bullfrogs
  2 scorpions (D:11)
  10 killer bees
  Dowan (D:5)
  A troll zombie (D:10)
  7 howler monkeys
  2 electric eels
  2 crimson imps (D:6)
  2 hounds
  9 jellies
  30 orc priests
  2 draconian simulacra (IceCv)
  2 bullfrog skeletons (D:11)
  4 iguanas
  2 centaur skeletons (D:11)
  17 orc wizards
  6 worker ants
  A troll simulacrum (IceCv)
  6 ogre zombies (D:10)
  3 centaur simulacra (IceCv)
  A hound skeleton (D:9)
  A worker ant zombie (D:10)
  9 adders
  A naga simulacrum (IceCv)
  3 ogre simulacra (IceCv)
  2 shadow imps (D:11)
  12 white imps (Lair:6)
  6 oozes
  5 adder skeletons
  An adder zombie (D:10)
  A worm (D:2)
  4 dart slugs
  12 leopard geckos
  88 orcs
  7 bats
  4 giant cockroaches
  9 goblins
  11 hobgoblins
  3 jackals (D:1)
  3 quokkas
  3 frilled lizards
  4 goblin skeletons (D:10)
  5 goblin zombies (D:10)
  A hobgoblin skeleton (D:10)
  2 hobgoblin zombies (D:10)
  A jackal skeleton (D:8)
  3 kobolds
  2 leopard gecko zombies
  4 orc skeletons (D:10)
  8 orc zombies (D:10)
  A quokka skeleton (D:9)
  12 rats
  A spectral orc (D:7)
  4 butterflies
  9 fungi
  4 plants
652 creatures vanquished.

Vanquished Creatures (collateral kills)
  A torpor snail (Lair:4)
  A centaur skeleton (D:10)
2 creatures vanquished.

Vanquished Creatures (others)
  A komodo dragon (Lair:6)
  An orc wizard (Orc:1)
  11 fungi
  21 plants
34 creatures vanquished.

Grand Total: 688 creatures vanquished

Notes
Turn   | Place    | Note
-------+----------+-------------------------------------------
     0 | D:1      | Faels the Gnoll Wanderer began the quest for the Orb.
     0 | D:1      | Faels set off with the following items: a +2 dagger, a
                  | potion of heal wounds, a +0 quarterstaff, a +0 spear, a +0
                  | robe, a ration
     0 | D:1      | Reached XP level 1. HP: 23/23 MP: 2/2
   134 | D:1      | Reached XP level 2. HP: 26/29 MP: 3/3
   663 | D:1      | Reached XP level 3. HP: 35/35 MP: 4/4
  1023 | D:2      | Reached skill level 1 in Invocations
  1174 | D:2      | Reached skill level 1 in Short Blades
  1174 | D:2      | Reached skill level 1 in Long Blades
  1174 | D:2      | Reached skill level 1 in Axes
  1174 | D:2      | Reached skill level 1 in Maces & Flails
  1174 | D:2      | Reached skill level 1 in Polearms
  1174 | D:2      | Reached skill level 1 in Staves
  1174 | D:2      | Reached skill level 1 in Slings
  1174 | D:2      | Reached skill level 1 in Bows
  1174 | D:2      | Reached skill level 1 in Crossbows
  1174 | D:2      | Reached skill level 1 in Throwing
  1174 | D:2      | Reached skill level 1 in Shields
  1174 | D:2      | Reached skill level 1 in Unarmed Combat
  1174 | D:2      | Reached skill level 1 in Spellcasting
  1189 | D:2      | Reached XP level 4. HP: 32/41 MP: 6/6
  1401 | D:2      | Found a stormy altar of Qazlal.
  1418 | D:2      | Noticed an air elemental
  1418 | D:2      | Noticed a fire elemental
  1419 | D:2      | Noticed an earth elemental
  1419 | D:2      | Noticed a water elemental
  1582 | D:2      | Found a hazy altar of Hepliaklqana.
  1625 | D:2      | Found a shattered altar of Ashenzari.
  1626 | D:2      | Found a shimmering blue altar of Sif Muna.
  1626 | D:2      | Found an ornate altar of the Wu Jian Council.
  2075 | D:3      | Reached skill level 1 in Conjurations
  2075 | D:3      | Reached skill level 1 in Hexes
  2075 | D:3      | Reached skill level 1 in Charms
  2075 | D:3      | Reached skill level 1 in Summonings
  2075 | D:3      | Reached skill level 1 in Necromancy
  2075 | D:3      | Reached skill level 1 in Translocations
  2075 | D:3      | Reached skill level 1 in Transmutations
  2075 | D:3      | Reached skill level 1 in Fire Magic
  2075 | D:3      | Reached skill level 1 in Ice Magic
  2075 | D:3      | Reached skill level 1 in Air Magic
  2075 | D:3      | Reached skill level 1 in Earth Magic
  2075 | D:3      | Reached skill level 1 in Poison Magic
  2352 | D:3      | Reached XP level 5. HP: 47/47 MP: 7/7
  2357 | D:3      | Found a sparkling altar of Nemelex Xobeh.
  2668 | D:3      | Found Zin's Purification Station.
  2671 | D:3      | Found a glowing silver altar of Zin.
  2674 | D:3      | Bought 2 potions of curing for 180 gold pieces
  3066 | D:4      | Found Lamedd's Book Shoppe.
  3137 | D:4      | Reached XP level 6. HP: 28/53 MP: 8/8
  3370 | D:4      | Reached skill level 5 in Armour
  3554 | D:4      | Reached XP level 7. HP: 49/59 MP: 10/10
  3758 | D:4      | Found a hide-covered altar of Uskayaw.
  3946 | D:5      | Entered Level 5 of the Dungeon
  4073 | D:5      | Noticed Duvessa
  4073 | D:5      | Noticed Dowan
  4085 | D:5      | Killed Dowan
  4087 | D:5      | Killed Duvessa
  4408 | D:5      | Gained mutation: You are dopey. (Int -2) [potion of
                  | mutation]
  4408 | D:5      | Gained mutation: You are frail. (-10% HP) [potion of
                  | mutation]
  4408 | D:5      | Gained mutation: You are covered in fur. (AC +1) [potion of
                  | mutation]
  4409 | D:5      | Lost mutation: You are frail. (-10% HP) [potion of
                  | mutation]
  4409 | D:5      | Lost mutation: You are dopey. (Int -2) [potion of mutation]
  4409 | D:5      | Gained mutation: Your muscles are strong. (Str +2) [potion
                  | of mutation]
  4409 | D:5      | Gained mutation: Your spells are a little easier to cast,
                  | but a little less powerful. [potion of mutation]
  4409 | D:5      | Lost mutation: Your spells are a little easier to cast, but
                  | a little less powerful. [potion of mutation]
  4413 | D:5      | Found a radiant altar of Vehumet.
  5379 | D:6      | Reached XP level 8. HP: 64/67 MP: 12/12
  5796 | D:6      | Found a staircase to the Ecumenical Temple.
  5826 | Temple   | Entered the Ecumenical Temple
  5956 | Temple   | Became a worshipper of Warmaster Okawaru
  6586 | D:7      | Found a shimmering altar of Xom.
  6713 | D:7      | Found a basalt altar of Yredelemnul.
  6996 | D:7      | Reached * piety under Okawaru
  7468 | D:7      | Reached XP level 9. HP: 55/72 MP: 14/14
  7549 | D:7      | Found a blossoming altar of Fedhas.
  8023 | D:8      | Reached ** piety under Okawaru
  8194 | D:8      | Found Docvaf's Distillery.
  8283 | D:8      | Bought a potion of curing for 48 gold pieces
  8283 | D:8      | Bought a potion of curing for 48 gold pieces
  8283 | D:8      | Bought 2 potions of curing for 96 gold pieces
  8283 | D:8      | Bought a potion of might for 64 gold pieces
  8326 | D:8      | Noticed Maggie
  8338 | D:8      | Killed Maggie
  8338 | D:8      | Reached skill level 5 in Stealth
  8338 | D:8      | Reached skill level 5 in Evocations
  8622 | D:8      | Reached skill level 5 in Invocations
  9137 | D:9      | Found a glowing golden altar of the Shining One.
  9137 | D:9      | Found a sacrificial altar of Ru.
  9137 | D:9      | Found a snail-covered altar of Cheibriados.
  9318 | D:9      | Found an ornate altar of the Wu Jian Council.
  9470 | D:9      | Reached XP level 10. HP: 73/80 MP: 15/17
  9533 | D:9      | Found a glowing golden altar of the Shining One.
  9594 | D:9      | Noticed a two-headed ogre
  9606 | D:9      | Killed a two-headed ogre
  9606 | D:9      | Reached *** piety under Okawaru
  9606 | D:9      | Reached skill level 5 in Short Blades
  9606 | D:9      | Reached skill level 5 in Long Blades
  9606 | D:9      | Reached skill level 5 in Axes
  9606 | D:9      | Reached skill level 5 in Maces & Flails
  9606 | D:9      | Reached skill level 5 in Polearms
  9606 | D:9      | Reached skill level 5 in Staves
  9606 | D:9      | Reached skill level 5 in Slings
  9606 | D:9      | Reached skill level 5 in Bows
  9606 | D:9      | Reached skill level 5 in Crossbows
  9606 | D:9      | Reached skill level 5 in Throwing
  9606 | D:9      | Reached skill level 5 in Shields
  9606 | D:9      | Reached skill level 5 in Unarmed Combat
  9606 | D:9      | Reached skill level 5 in Spellcasting
  9624 | D:9      | Learned a level 2 spell: Call Imp
  9819 | D:10     | Entered Level 10 of the Dungeon
 10149 | D:10     | Found a staircase to the Orcish Mines.
 10231 | D:10     | Received a gift from Okawaru
 10832 | D:11     | Noticed a gargoyle
 10844 | D:11     | Noticed a red ugly thing
 10865 | D:11     | Killed a gargoyle
 10865 | D:11     | Reached **** piety under Okawaru
 11067 | D:11     | Found a bloodstained altar of Trog.
 11197 | D:11     | Killed a red ugly thing
 11197 | D:11     | Reached XP level 11. HP: 17/87 MP: 19/19
 11374 | D:11     | Received a gift from Okawaru
 11488 | D:11     | Found a staircase to the Lair.
 11830 | Lair:1   | Entered Level 1 of the Lair of Beasts
 11843 | Lair:1   | Reached skill level 5 in Conjurations
 11843 | Lair:1   | Reached skill level 5 in Hexes
 11843 | Lair:1   | Reached skill level 5 in Charms
 11843 | Lair:1   | Reached skill level 5 in Summonings
 11843 | Lair:1   | Reached skill level 5 in Necromancy
 11843 | Lair:1   | Reached skill level 5 in Translocations
 11843 | Lair:1   | Reached skill level 5 in Transmutations
 11843 | Lair:1   | Reached skill level 5 in Fire Magic
 11843 | Lair:1   | Reached skill level 5 in Ice Magic
 11843 | Lair:1   | Reached skill level 5 in Air Magic
 11843 | Lair:1   | Reached skill level 5 in Earth Magic
 11843 | Lair:1   | Reached skill level 5 in Poison Magic
 12086 | Lair:1   | Reached ***** piety under Okawaru
 12148 | Lair:1   | Learned a level 2 spell: Poisonous Vapours
 12625 | Lair:1   | Noticed an ice dragon
 12678 | Lair:1   | Killed an ice dragon
 13059 | Lair:1   | Identified the Reference Book on Venomous Changing
 13457 | Lair:2   | Learned a level 3 spell: Mephitic Cloud
 13495 | Lair:2   | Noticed a five-headed hydra
 13504 | Lair:2   | Killed a one-headed hydra
 13525 | Lair:2   | Received a gift from Okawaru
 13693 | Lair:2   | Reached XP level 12. HP: 96/96 MP: 22/22
 14363 | Lair:3   | Noticed a four-headed hydra
 14377 | Lair:3   | Killed a one-headed hydra
 14619 | Lair:3   | Reached ****** piety under Okawaru
 14626 | Lair:3   | Received a gift from Okawaru
 15338 | Lair:3   | You fall into a shaft and drop 1 floor!
 15377 | Lair:4   | Received a gift from Okawaru
 15623 | Lair:3   | Received a gift from Okawaru
 15970 | Lair:3   | Reached skill level 10 in Fighting
 15970 | Lair:3   | Reached skill level 10 in Dodging
 16199 | Lair:3   | Received a gift from Okawaru
 16200 | Lair:3   | Got a distressingly furry buckler {god gift}
 16215 | Lair:3   | Identified the +2 buckler of the Doldrums {MR+ rCorr Str-3
                  | Dex+3} (Okawaru gifted it to you on level 3 of the Lair of
                  | Beasts)
 16231 | Lair:3   | Found a staircase to the Swamp.
 16239 | Lair:3   | Learned a level 4 spell: Summon Lightning Spire
 16860 | Lair:4   | Reached XP level 13. HP: 72/103 MP: 24/24
 17167 | Lair:4   | Found a staircase to the Snake Pit.
 17631 | Lair:4   | Learned a level 3 spell: Call Canine Familiar
 17636 | Lair:4   | Learned a level 3 spell: Conjure Flame
 17636 | Lair:4   | Upgraded the game from 0.25-a0-635-g0c6c292 to
                  | 0.25-a0-641-g189b929
 19289 | Lair:6   | Entered Level 6 of the Lair of Beasts
 19323 | Lair:6   | Found a staircase to the Slime Pits.
 19361 | Lair:6   | Received a gift from Okawaru
 19446 | Lair:6   | Found a frozen archway.
 19474 | IceCv    | Entered an ice cave
 20727 | IceCv    | Got a polished tower shield
 20746 | IceCv    | Identified the +5 tower shield of Benevolence {Str+4} (You
                  | found it in an ice cave)
 21865 | Lair:6   | Found a runed translucent door.
 21866 | Lair:6   | Noticed an ice dragon
 21917 | Lair:6   | Paralysed by a hornet for 1 turns
 21952 | Lair:6   | Killed an ice dragon
 21952 | Lair:6   | Received a gift from Okawaru
 21952 | Lair:6   | Reached XP level 14. HP: 111/111 MP: 19/26
 22019 | Lair:6   | Received a gift from Okawaru
 22297 | Lair:6   | Received a gift from Okawaru
 22854 | Lair:6   | Reached skill level 10 in Armour
 24013 | Lair:6   | Learned a level 4 spell: Animate Dead
 24754 | Orc:1    | Entered Level 1 of the Orcish Mines
 25222 | Orc:1    | Found Reca's Magic Scroll Shop.
 25231 | Orc:1    | Bought a scroll of identify for 26 gold pieces
 25231 | Orc:1    | Bought a scroll of identify for 26 gold pieces
 25253 | Orc:1    | Bought 2 scrolls of blinking for 195 gold pieces
 25253 | Orc:1    | Bought a scroll of magic mapping for 45 gold pieces
 25278 | Orc:1    | Noticed an orc warlord
 25282 | Orc:1    | Reached skill level 10 in Invocations
 25298 | Orc:1    | Killed an orc warlord
 25608 | Orc:2    | Entered Level 2 of the Orcish Mines
 26374 | Orc:2    | Found a staircase to the Elven Halls.
 26988 | Orc:2    | Received a gift from Okawaru
 27046 | Orc:2    | Found Jotose's Food Boutique.
 27050 | Orc:2    | Found Gyn Uliumo's General Store.
 27422 | Orc:2    | Gained mutation: Your body sometimes deteriorates upon
                  | taking damage. [a neqoxec]
 27542 | Orc:2    | Bought a potion of berserk rage for 50 gold pieces
 27542 | Orc:2    | Bought a potion of heal wounds for 50 gold pieces
 27637 | Orc:2    | Reached XP level 15. HP: 85/119 MP: 24/28
 27686 | Orc:2    | Reached skill level 10 in Evocations
 28107 | Orc:2    | Reached skill level 10 in Stealth
 28331 | Orc:2    | Received a gift from Okawaru
 28353 | Orc:2    | Found Qacs's Gadget Shoppe.
 28353 | Orc:2    | Found Sisatsi's Antique Armour Emporium.
 28353 | Orc:2    | Found a one-way gate leading to the halls of Pandemonium.
 28362 | Orc:2    | Bought a dazzling scale mail for 288 gold pieces
 28362 | Orc:2    | Bought a runed scarf for 256 gold pieces
 28362 | Orc:2    | Bought a runed scarf for 256 gold pieces
 28405 | Orc:2    | Identified the +1 scale mail "Zyhous Joip" {*Contam rElec
                  | rC+++ Int-5} (You bought it in a shop on level 2 of the
                  | Orcish Mines)
 28519 | Orc:2    | Bought a lightning rod (4/4) for 560 gold pieces
 28732 | D:8      | Lost mutation: Your body sometimes deteriorates upon taking
                  | damage. [potion of mutation]
 28732 | D:8      | Lost mutation: Your muscles are strong. (Str +2) [potion of
                  | mutation]
 28732 | D:8      | Gained mutation: Scrolls take you a little longer to read.
                  | [potion of mutation]
 28732 | D:8      | Gained mutation: You are partially covered in icy blue
                  | scales. (AC +2) [potion of mutation]
 28733 | D:8      | Quit the game

Levels and vault maps discovered:
D:1:      lightli_iron_boxes, layout_basic
D:2:      layout_loops_ring, marbit_many_paths,
          gammafunk_temple_overflow_forgotten, nicolae_qazlal_style_of_elements
D:3:      layout_rooms, lemuel_doored_altar, zin_purify, first_ration,
          roderic_lattice_a
D:4:      minmay_evil_eye, layout_rooms, kennysheep_little_box, serial_bayou,
          serial_bayou_shore_b, serial_bayou_pond_a, serial_bayou_shore_b,
          serial_bayou_pond_e, serial_shops, shop, due_unseen_surprise
D:5:      layout_layer_cave, overflow_temple_1_default, uniq_duvessa
D:6:      layout_rooms, temple_statues
D:7:      layout_basic, yredelemnul_forgotten_temple_becter, old_standard_altar,
          serial_bayou_pond_b, the_bakery, nrook_mini_backslash, fedhas_altar_3
D:8:      layout_basic, serial_shops,
          nicolae_shop_temple_entry_statues_fountains, uniq_maggie
D:9:      layout_basic, gammafunk_temple_overflow_claw, basic_altar, tso_altar
D:10:     layout_irregular_city, zombieorc2_lemuel
D:11:     layout_cross, david_lair_shrubbed, basic_altar, st_stairs_11
Temple:   nicolae_temple_figure_zero
Lair:1:   dragon1_lemuel, layout_chaotic_city, lemuel_fruit_fields
Lair:2:   layout_chaotic_city
Lair:3:   layout_cave_pods, minmay_swamp_entry_wisps, beast_lair_carwin_6,
          lemuel_fruit_fields, lemuel_fruit_fields
Lair:4:   layout_regular_city, minmay_snake_entry_guardpost_medium,
          grunt_megastairs_3, lemuel_fruit_fields
Lair:5:   layout_loops_ring, chequers_serial_rivers_small_a,
          guppyfry_lair_drakes
Lair:6:   hangedman_lair_in_review, layout_regular_city, wormcave,
          nicolae_slime_entry_slimehenge, portal_ice_cave_entry_imps
Orc:1:    minmay_goldmine, layout_diamond_mine, serial_shops,
          nicolae_shop_crystal
Orc:2:    pf_orc_diabolical, layout_caves, nicolae_orc_flooded_monolith

Skill      XL: |  1  2  3  4  5  6  7  8  9 10 11 12 13 14 15 |
---------------+----------------------------------------------+-----
Invocations    | 1 2 3 4 5 6 7 8 9 10 | 10.5
Short Blades   | 1 2 3 4 5 6 7 8 9 |  9.7
Long Blades    | 1 2 3 4 5 6 7 8 9 |  9.7
Axes           | 1 2 3 4 5 6 7 8 9 |  9.7
Maces & Flails | 1 2 3 4 5 6 7 8 9 |  9.7
Polearms       | 1 2 3 4 5 6 7 8 9 |  9.7
Staves         | 1 2 3 4 5 6 7 8 9 |  9.7
Slings         | 1 2 3 4 5 6 7 8 9 |  9.7
Bows           | 1 2 3 4 5 6 7 8 9 |  9.7
Crossbows      | 1 2 3 4 5 6 7 8 9 |  9.7
Throwing       | 1 2 3 4 5 6 7 8 9 |  9.7
Shields        | 1 2 3 4 5 6 7 8 9 |  9.7
Unarmed Combat | 1 2 3 4 5 6 7 8 9 |  9.7
Spellcasting   | 1 2 3 4 5 6 7 8 9 |  9.7
Conjurations   | 1 2 3 4 5 6 7 8 |  8.2
Hexes          | 1 2 3 4 5 6 7 8 |  8.2
Charms         | 1 2 3 4 5 6 7 8 |  8.2
Summonings     | 1 2 3 4 5 6 7 8 |  8.2
Necromancy     | 1 2 3 4 5 6 7 8 |  8.2
Translocations | 1 2 3 4 5 6 7 8 |  8.2
Transmutations | 1 2 3 4 5 6 7 8 |  8.2
Fire Magic     | 1 2 3 4 5 6 7 8 |  8.2
Ice Magic      | 1 2 3 4 5 6 7 8 |  8.2
Air Magic      | 1 2 3 4 5 6 7 8 |  8.2
Earth Magic    | 1 2 3 4 5 6 7 8 |  8.2
Poison Magic   | 1 2 3 4 5 6 7 8 |  8.2
Evocations     | 3 4 5 6 7 8 9 10 | 10.1
Stealth        | 3 4 5 6 7 8 9 10 | 10.0
Armour         | 5 6 7 8 9 10 | 10.7
Fighting       | 7 8 9 10 11 | 11.5
Dodging        | 7 8 9 10 11 | 11.5

Action                   |  1- 3 |  4- 6 |  7- 9 | 10-12 | 13-15 || total
-------------------------+-------+-------+-------+-------+-------++-------
Melee: Dagger            |    81 |    61 |       |       |       ||   142
       Bite              |    12 |    20 |    42 |   100 |   152 ||   326
       Rapier            |       |    90 |       |       |       ||    90
       War axe           |       |    69 |   274 |   610 |   799 ||  1752
Throw: Dart              |     4 |    10 |    14 |    89 |   174 ||   291
       Boomerang         |       |       |       |     6 |       ||     6
       Javelin           |       |       |       |       |    14 ||    14
 Cast: Call Imp          |       |       |       |     5 |     2 ||     7
       Mephitic Cloud    |       |       |       |     1 |     4 ||     5
       Call Canine Famil |       |       |       |       |     3 ||     3
       Animate Dead      |       |       |       |       |     4 ||     4
Invok: Heroism           |       |       |     1 |    10 |    23 ||    34
       Finesse           |       |       |       |     2 |    10 ||    12
Evoke: Wand              |       |       |       |     1 |     3 ||     4
  Use: Scroll            |       |     6 |    12 |    14 |    15 ||    47
       Potion            |       |       |     2 |     1 |    10 ||    13
 Stab: Sleeping          |     4 |       |     7 |    10 |    15 ||    36
       Distracted        |       |     1 |       |       |       ||     1
       Confused          |       |       |       |       |     1 ||     1
  Eat: Chunk             |     1 |     8 |    13 |    19 |    15 ||    56
       Ration            |       |       |     2 |     2 |     7 ||    11
Armor: Leather armour    |     7 |    18 |       |       |       ||    25
       Scale mail        |       |    55 |     1 |       |       ||    56
       Ring mail         |       |       |    47 |       |       ||    47
       Acid dragon scale |       |       |     7 |   105 |   114 ||   226
Dodge: Dodged            |    40 |   117 |   143 |   297 |   499 ||  1096
Block: Kite shield       |    27 |   100 |   139 |   400 |       ||   666
       Buckler           |       |       |       |    20 |   470 ||   490
       Reflection        |       |       |       |       |     7 ||     7

Table legend:
 A = Non-vault XP
 B = Vault XP
 C = Vault XP percentage of total XP
 D = Non-vault monster count
 E = Vault monster count
 F = Vault count percentage of total count
                 A         B        C        D         E       F
            +---------+---------+-------+---------+---------+-------
      Total |   49758 |   47197 |  48.7 |     413 |     225 |  35.3
            +---------+---------+-------+---------+---------+-------
        D:1 |      43 |       0 |   0.0 |      18 |       0 |   0.0
        D:2 |      85 |       2 |   2.3 |      30 |       1 |   3.2
        D:3 |     155 |       0 |   0.0 |      27 |       0 |   0.0
        D:4 |     295 |     107 |  26.6 |      19 |       4 |  17.4
        D:5 |     160 |     210 |  56.8 |       8 |       2 |  20.0
        D:6 |     634 |       0 |   0.0 |      19 |       0 |   0.0
        D:7 |     814 |     548 |  40.2 |      15 |       8 |  34.8
        D:8 |     791 |     409 |  34.1 |      14 |       1 |   6.7
        D:9 |    1340 |       0 |   0.0 |      12 |       0 |   0.0
       D:10 |    1871 |     734 |  28.2 |      27 |      35 |  56.5
       D:11 |    2536 |     605 |  19.3 |      23 |       5 |  17.9
     Lair:1 |    4489 |    1012 |  18.4 |      21 |       1 |   4.5
     Lair:2 |    1795 |       0 |   0.0 |       5 |       0 |   0.0
     Lair:3 |    7990 |    2451 |  23.5 |      26 |      13 |  33.3
     Lair:4 |    7602 |     973 |  11.3 |      28 |       5 |  15.2
     Lair:5 |    1403 |     554 |  28.3 |       6 |       4 |  40.0
     Lair:6 |    9533 |   17685 |  65.0 |      36 |      57 |  61.3
      Orc:1 |    3196 |     477 |  13.0 |      34 |      11 |  24.4
      Orc:2 |    5026 |   17812 |  78.0 |      45 |      60 |  57.1
      IceCv |       0 |    3618 | 100.0 |       0 |      18 | 100.0
            +---------+---------+-------+---------+---------+-------
